 Dungeon Crawl Stone Soup version 0.31-a0-825-gf28bc0971e (webtiles) character file.

Game seed: 11137053819368407194

143 qw the Shooter (level 5, -2/32 HPs)
             Began as a Gargoyle Hunter on Sept 23, 2023.
             Frozen to death by an endoplasm (3 damage)
             ... on level 2 of the Dungeon.
             The game lasted 00:00:33 (1200 turns).

qw the Shooter (Gargoyle Hunter)                    Turns: 1200, Time: 00:00:34

Health: -2/32      AC:  5    Str: 15    XL:     5   Next: 25%
Magic:  5/5        EV: 11    Int:  9    God:
Gold:   68         SH:  0    Dex: 15    Spells: 4/4 levels left

rFire   . . .        Y - +0 shortbow
rCold   . . .        (shield currently unavailable)
rNeg    + . .        d - +0 ring mail
rPois   inf          (no helmet)
rElec   +            (no cloak)
rCorr   .            (no gloves)
SInv    .            (no boots)
Will    .....        (no amulet)
Stlth   +            (no ring)
HPRegen 0.25/turn    (no ring)
MPRegen 0.09/turn

%: no passive effects
@: corroded
A: sickness immunity, AC +4, negative energy resistance 1, electricity
resistance, torment resistance 1, petrification resistance
a: no special abilities


You were on level 2 of the Dungeon.
You visited 1 branch of the dungeon, and saw 2 of its levels.

You collected 68 gold pieces.


Innate Abilities, Weirdness & Mutations

You are immune to sickness and miasma.
Your stone body is resilient. (AC +4)
You are immune to poison.
You resist negative energy. (rN+)
You are resistant to electric shocks. (rElec)
You are resistant to unholy torment.
You are immune to petrification.


   Skills:
 - Level 3.0 Fighting
 + Level 5.9 Ranged Weapons
 - Level 1.3 Armour
 - Level 1.5 Dodging
 - Level 1.1 Stealth


You had 4 spell levels left.
You didn't know any spells.
Your spell library was empty.

Inventory:

Hand Weapons
 Y - a +0 shortbow (weapon)
Armour
 d - a +0 ring mail (worn)
 i - a +1 pair of gloves
Scrolls
 a - a scroll of teleportation {unknown}
 h - a scroll of identify {unknown}
Potions
 b - a potion of lignification {unknown}
 c - a potion of mutation {unknown}
 e - a potion of heal wounds {unknown}
 f - a potion of enlightenment {unknown}
 g - a potion of degeneration {unknown}

Dungeon Overview and Level Annotations

Branches:
Dungeon (2/15)

Altars:

Shops:
D:1 ?


Message History

Something hits the toadstool.
The toadstool is destroyed!
The jelly barely misses you.
You shoot an arrow. The arrow hits the jelly!
The jelly is severely wounded.
The jelly hits you.
You are splashed with acid!
You shoot an arrow. The arrow hits the jelly.
The jelly is severely wounded.
The jelly hits you but does no damage.
You shoot an arrow.
The arrow hits the jelly but does no damage.
The jelly is severely wounded.
The jelly barely misses you.
You shoot an arrow. The arrow hits the jelly.
You kill the jelly!
You shoot an arrow. The arrow hits the jelly!
The jelly is heavily wounded.
The jelly barely misses you.
You shoot an arrow. The arrow hits the jelly.
The jelly is heavily wounded.
The jelly misses you.
You shoot an arrow. The arrow hits the jelly.
The jelly is severely wounded.
The jelly hits you. The acid corrodes you!
You are splashed with acid!
You shoot an arrow. The arrow hits the jelly.
You kill the jelly!
An endoplasm comes into view.
The endoplasm freezes you.
You are frozen.
The endoplasm moves out of view.
You have reached level 5!
You shoot an arrow. The arrow hits the endoplasm.
The endoplasm is lightly wounded.
The endoplasm hits you but does no damage.
You shoot an arrow. The arrow barely misses the endoplasm.
The endoplasm freezes you.
You are frozen.
You shoot an arrow. The arrow barely misses the endoplasm.
The endoplasm freezes you.
You are frozen.
You die...

#.###...#.## #.###
. #...#####..##.P
#...# . #.###
#..##.P ##..# . #.#
#..##%. #.#.##. #.#
##..##.% ##.###.#.
#.# #...##.. #.#
##.. #.# #.#.##..
##.###.#.
#.######.#.#
#J####### #...#....
#...>......#
#@)....######..###
#.######.#.#
########.##........
#.# #.#.#
#....'..###.....###
#)# #.#.# #....####
####.#..# #[# #....
#)......# ###.#.##
#.. ###.# #.......#
#.%.#..+ ### ...
#.......# #.###.##
.. #....)..#
#..))%##
##)....#####.###..#


You could see an endoplasm.

Vanquished Creatures
  2 jellies (D:2)
  3 gnolls (D:2)
  2 worms (D:2)
  4 dart slugs (D:1)
  2 endoplasms
  A giant cockroach (D:2)
  A goblin (D:1)
  4 hobgoblins
  2 jackals (D:1)
  5 ball pythons
  2 bats (D:1)
  4 frilled lizards
  12 kobolds
  2 rats (D:2)
46 creatures vanquished.

Notes
Turn   | Place    | Note
-------+----------+-------------------------------------------
     0 | D:1      | qw the Gargoyle Hunter began the quest for the Orb.
     0 | D:1      | Reached XP level 1. HP: 12/12 MP: 1/1
     0 | D:1      | 0 ||| qw: Version: 0.3-a-83-gcd0e7d8
     0 | D:1      | 0 ||| qw: Game counter: 1800
     0 | D:1      | 0 ||| qw: Melee chars always use a shield: true
     0 | D:1      | 0 ||| qw: God list: Okawaru
     0 | D:1      | 0 ||| qw: Allow faded altars: false
     0 | D:1      | 0 ||| qw: Do Orc after clearing Dungeon:15 true
     0 | D:1      | 0 ||| qw: Do second Lair branch before Depths: true
     0 | D:1      | 0 ||| qw: Lair rune preference: random
     0 | D:1      | 0 ||| qw: Goals: Normal
     0 | D:1      | 0 ||| PLANNING D:1-11
    84 | D:1      | 84 ||| UPGRADING to +0 ring mail.
    90 | D:1      | 90 ||| UPGRADING to +0 ring mail.
   100 | D:1      | 100 ||| DROPPING +0 leather armour.
   104 | D:1      | 104 ||| DROPPING scroll of butterflies.
   131 | D:1      | Found Pyvej's Magic Scroll Boutique.
   140 | D:1      | Reached skill level 1 in Armour
   140 | D:1      | Reached XP level 2. HP: 17/17 MP: 2/2
   153 | D:1      | 153 ||| SHOPLISTING 2 scrolls of identify (52 gold, have
                  | 0).
   153 | D:1      | 153 ||| SHOPLISTING scroll of brand weapon (123 gold, have
                  | 0).
   153 | D:1      | 153 ||| SHOPLISTING scroll of enchant armour (97 gold, have
                  | 0).
   153 | D:1      | 153 ||| SHOPLISTING scroll of identify (26 gold, have 0).
   423 | D:1      | Reached XP level 3. HP: 21/21 MP: 3/3
   657 | D:1      | 657 ||| READING scroll labelled DUENYXI GENTAD.
   658 | D:1      | 658 ||| READING scroll labelled BAOZXO SILAE.
   659 | D:1      | 659 ||| DRINKING 2 fuming red potions.
   763 | D:1      | 763 ||| DROPPING potion of berserk rage.
   864 | D:2      | 864 ||| FLEEEEING.
   867 | D:2      | Reached skill level 5 in Ranged Weapons
  1008 | D:2      | Reached skill level 3 in Fighting
  1008 | D:2      | Reached XP level 4. HP: 26/28 MP: 4/4
  1197 | D:2      | HP: 3/28 [frozen (5)]
  1198 | D:2      | Reached XP level 5. HP: 3/32 MP: 5/5
  1199 | D:2      | HP: 1/32 [frozen (3)]
  1200 | D:2      | Frozen to death by an endoplasm

Levels and vault maps discovered:
D:1:      dpeg_arrival_tiny_g, layout_loops_ring, serial_shops, shop,
          reono_crystal_passage
D:2:      cheibrodos_fertilizer, layout_loops_ring, dk_noncrumbling_2,
          skrybe_limestone_x, serial_park_tiny_pond, st_stairs_7,
          grunt_ministairs_12

Skill      XL: |  1  2  3 |
---------------+----------+-----
Armour         | 1 |  1.3
Ranged Weapons | 5 |  5.9
Fighting       | 3 |  3.0
Dodging        | |  1.5
Stealth        | |  1.1

Action                     |  1- 3 |  4- 6 || total
---------------------------+-------+-------++-------
   Fire: Shortbow          |   105 |    41 ||   146
    Use: Scroll            |     2 |       ||     2
         Potion            |     1 |       ||     1
 Armour: Ring mail         |    36 |    24 ||    60
         Leather armour    |     4 |       ||     4
  Dodge: Dodged            |    28 |    23 ||    51

Table legend:
 A = Non-vault XP
 B = Vault XP
 C = Vault XP percentage of total XP
 D = Non-vault monster count
 E = Vault monster count
 F = Vault count percentage of total count
                 A         B        C        D         E       F
            +---------+---------+-------+---------+---------+-------
      Total |     101 |     104 |  50.7 |      32 |      14 |  30.4
            +---------+---------+-------+---------+---------+-------
        D:1 |      44 |       0 |   0.0 |      22 |       0 |   0.0
        D:2 |      57 |     104 |  64.6 |      10 |      14 |  58.3
            +---------+---------+-------+---------+---------+-------
